 Dungeon Crawl Stone Soup version 0.22-a0-430-g6609fc6 (webtiles) character file.

7686 theanonym the Spear-Bearer (level 11, -3/89 HPs)
             Began as a Mummy Abyssal Knight on May 26, 2018.
             Was an Elder of Lugonu.
             Slain by a blink frog (8 damage)
             ... on level 2 of the Lair of Beasts.
             The game lasted 00:32:29 (15740 turns).

theanonym the Spear-Bearer (Mummy Abyssal Knight)  Turns: 15740, Time: 00:32:29

Health: -3/89      AC: 11    Str: 19    XL:     11   Next: 0%
Magic:  14/14      EV:  5    Int: 11    God:    Lugonu [****..]
Gold:   114        SH:  5    Dex: 12    Spells: 10/10 levels left

rFire    . . .     SeeInvis .   b - +2 spear (distort)
rCold    + + .     Gourm    .   o - +0 buckler
rNeg     + + +     Faith    .   h - +0 plate armour
rPois    ∞         Spirit   .   (no helmet)
rElec    .         Reflect  .   p - scarf {rC+ rF+}
rCorr    +         Harm     .   e - +0 pair of gloves
MR       +....                  (no boots)
Stlth    ..........             (no amulet)
HPRegen  0.24/turn              i - ring of resist corrosion
MPRegen  0.14/turn              (no ring)

@: silence
A: no food or potions, fire vulnerability, cold resistance 1, negative energy
resistance 3, torment resistance, unbreathing
a: Renounce Religion


Innate Abilities, Weirdness & Mutations

You do not eat or drink.
Your flesh is vulnerable to fire.
You are immune to poison.
Your flesh is cold resistant. (rC+)
You are immune to negative energy. (rN+++)
You are immune to unholy pain and torment.
You can survive without breathing.


   Skills:
 + Level 9.3 Fighting
 * Level 10.5 Polearms
 + Level 1.9 Armour
 - Level 0.7 Dodging
 - Level 4.1 Shields
 - Level 5.1 Invocations


You had 10 spell levels left.
You didn't know any spells.
Your spell library contained the following spells:

 Spells                   Type           Power        Failure   Level  Hunger
 Bolt of Magma            Conj/Fire/Erth #.........   100%        5    N/A
 Mephitic Cloud           Conj/Pois/Air  #.......     100%        3    N/A
 Venom Bolt               Conj/Pois      #.........   100%        5    N/A
 Olgreb's Toxic Radiance  Pois           #.......     100%        4    N/A
 Sting                    Conj/Pois      #...         100%        1    N/A
 Iron Shot                Conj/Erth      #.........   100%        6    N/A
 Spider Form              Tmut/Pois      #.........   100%        3    N/A
 Blade Hands              Tmut           #.........   100%        5    N/A
 Ice Form                 Ice/Tmut       #.......     100%        4    N/A
 Sticks to Snakes         Tmut           #.......     100%        2    N/A
 Orb of Destruction       Conj           #.........   100%        7    N/A
 Beastly Appendage        Tmut           #.....       100%        1    N/A
 Iskenderun's Battlesphe  Conj/Chrm      #.......     100%        5    N/A
 Spellforged Servitor     Conj/Summ      #.........   100%        7    N/A
 Poisonous Vapours        Pois/Air       #.....       100%        2    N/A

Skill      XL: |  1  2  3  4  5  6  7  8  9 10 |
---------------+-------------------------------+-----
Polearms       | 2 3 4 5 6 7 9 10 | 10.5
Fighting       | 4 5 6 8 9 |  9.3
Invocations    | 2 3 5 |  5.1
Shields        | 4 |  4.1
Armour         | |  1.9
Dodging        | |  0.7

Action                   |  1- 3 |  4- 6 |  7- 9 | 10-12 || total
-------------------------+-------+-------+-------+-------++-------
Melee: Spear             |   142 |   469 |    59 |    81 ||   751
       Trident           |       |       |   761 |   353 ||  1114
Invok: Depart the Abyss  |     1 |       |       |     1 ||     2
       Bend Space        |       |     1 |     3 |     1 ||     5
Evoke: Wand              |       |       |     6 |    23 ||    29
       Phantom mirror    |       |       |       |     1 ||     1
  Use: Scroll            |       |     2 |     8 |     3 ||    13
Armor: Leather armour    |    14 |       |       |       ||    14
       Chain mail        |    30 |    71 |       |       ||   101
       Plate armour      |       |   212 |   527 |   196 ||   935
Dodge: Dodged            |    45 |    91 |   159 |    73 ||   368
Block: Buckler           |       |       |   108 |    67 ||   175

Inventory:

Hand Weapons
 a - a +0 trident
   (You took it off a gnoll on level 4 of the Dungeon)
 b - a +2 spear of distortion (weapon)
   (You took it off an orc wizard on level 9 of the Dungeon)
 c - a +0 antimagic spear
   (You took it off a gnoll on level 3 of the Dungeon)
Armour
 e - a +0 pair of gloves (worn)
   (You found it on level 1 of the Dungeon)
 h - a +0 plate armour (worn)
   (You found it on level 2 of the Dungeon)
 o - a +0 buckler (worn)
   (You found it on level 5 of the Dungeon)
 p - a scarf of resistance (worn)
   (You found it on level 1 of the Abyss)
Jewellery
 i - a ring of resist corrosion (left hand)
   (You found it on level 5 of the Dungeon)
Wands
 d - a wand of digging (12)
   (You bought it in a shop on level 4 of the Dungeon)
 j - a wand of flame (18)
   (You found it on level 7 of the Dungeon)
 l - a wand of random effects (35)
   (You found it on level 6 of the Dungeon)
Scrolls
 f - 2 scrolls of enchant armour
 g - a scroll of fear
 m - a scroll of immolation
 n - 3 scrolls of remove curse
 r - 5 scrolls of amnesia
 t - 4 scrolls of teleportation {!r}
 y - 3 scrolls of magic mapping


You were on level 2 of the Lair of Beasts.
You worshipped Lugonu.
Lugonu was greatly pleased with you.
You were not hungry.

You visited 2 branches of the dungeon, and saw 12 of its levels.
You visited the Abyss 2 times.
You also visited: Sewer.

You collected 510 gold pieces.
You spent 396 gold pieces at shops.

Dungeon Overview and Level Annotations

Branches:
Dungeon (10/15)            Temple (0/1) D:4            Lair (2/6) D:9
  Swamp: Lair:2-4    Shoals: Lair:2-4     Snake: Lair:2-4    Spider: Lair:2-4
    Orc: D:9-12

Altars:
Ashenzari
Cheibriados
Dithmenos
Elyvilon
Hepliaklqana
Makhleb
Nemelex Xobeh
Okawaru
Sif Muna
Trog
Xom
Zin
The Shining One

Shops:
D:4 }

Annotations:
D:10 Maurice
Abyss:1 Harold

P## #.# #.# #.# #.#
#.# # # #.##### .##
#####.#@#.#.###...#
.h.h..h.FF.........
....h#.#.......#
.... ######<####
... #P.# .. #..# .
##.. ..# ..#


You could see a blink frog, 4 wolves and a friendly blink frog.

Notes
Turn   | Place    | Note
-------+----------+-------------------------------------------
     0 | Abyss:1  | theanonym the Mummy Abyssal Knight began the quest for the Orb.
     0 | Abyss:1  | Reached XP level 1. HP: 18/18 MP: 2/2
    39 | Abyss:1  | Noticed a small abomination
    39 | Abyss:1  | Noticed a small abomination
    43 | Abyss:1  | Noticed a small abomination
    45 | D:1      | Escaped the Abyss
   100 | D:1      | HP: 9/18 [hobgoblin/club (7)]
   103 | D:1      | HP: 4/18 [hobgoblin/club (2)]
   104 | D:1      | Reached * piety under Lugonu
   105 | D:1      | HP: 1/18 [hobgoblin/club (3)]
   108 | D:1      | Reached skill level 2 in Polearms
   409 | D:1      | Reached XP level 2. HP: 24/24 MP: 3/3
   662 | D:1      | Reached XP level 3. HP: 21/29 MP: 4/4
  1164 | D:1      | Reached ** piety under Lugonu
  1351 | D:2      | Noticed Natasha
  1368 | D:1      | HP: 14/29 [Natasha (6)]
  1373 | D:1      | Killed Natasha
  1373 | D:1      | Reached skill level 3 in Polearms
  1373 | D:1      | Reached XP level 4. HP: 11/37 MP: 5/5
  1399 | D:1      | Noticed Natasha
  1595 | D:1      | Killed Natasha
  1623 | D:1      | Noticed Natasha
  1738 | D:1      | HP: 18/37 [Natasha (2)]
  1742 | D:2      | Killed Natasha
  2062 | D:2      | Reached skill level 4 in Fighting
  2106 | D:2      | Reached XP level 5. HP: 30/42 MP: 6/6
  2340 | D:2      | Found a glowing golden altar of the Shining One.
  2539 | D:2      | Found a runed door.
  2678 | D:3      | Reached *** piety under Lugonu
  2678 | D:3      | Reached skill level 4 in Polearms
  3025 | D:3      | Found an iron altar of Okawaru.
  3195 | D:3      | Reached XP level 6. HP: 49/49 MP: 7/7
  4072 | D:4      | Found a staircase to the Ecumenical Temple.
  4108 | D:4      | Found a bloodstained altar of Trog.
  4233 | D:4      | Reached skill level 5 in Fighting
  4233 | D:4      | Reached skill level 5 in Polearms
  4233 | D:4      | Reached skill level 2 in Invocations
  4258 | D:4      | Reached **** piety under Lugonu
  4258 | D:4      | Reached XP level 7. HP: 56/56 MP: 0/8
  4318 | D:4      | HP: 28/56 [sky beast (5)]
  4323 | D:4      | HP: 28/56 [sky beast (1)]
  4328 | D:4      | HP: 18/56 [something (4)]
  4329 | D:4      | HP: 3/56 [something (6)]
  5208 | D:4      | Found Ufabb's Gadget Shoppe.
  5609 | D:2      | Noticed Crazy Yiuf
  5618 | D:2      | Killed Crazy Yiuf
  5699 | D:5      | Entered Level 5 of the Dungeon
  5773 | D:5      | Found a glowing drain.
  5799 | Sewer    | Entered a sewer
  5829 | Sewer    | Reached skill level 6 in Polearms
  5829 | Sewer    | Reached skill level 3 in Invocations
  5871 | Sewer    | Reached XP level 8. HP: 44/64 MP: 10/10
  6138 | Sewer    | Reached skill level 6 in Fighting
  6292 | D:5      | Found a deep blue altar of Sif Muna.
  6293 | D:5      | Found a sparkling altar of Nemelex Xobeh.
  6295 | D:5      | Found a hazy altar of Hepliaklqana.
  6383 | D:5      | HP: 32/64 [jackal (2)]
  6386 | D:5      | Reached skill level 1 in Shields
  6389 | D:5      | HP: 31/64 [jackal (1)]
  6394 | D:5      | HP: 27/64 [adder (3)]
  6413 | D:5      | HP: 26/64 [worker ant (4)]
  6415 | D:5      | Reached skill level 2 in Shields
  6673 | D:5      | HP: 27/64 [something (6)]
  6685 | D:5      | HP: 27/64 [something (2)]
  6983 | D:5      | Found an iron altar of Okawaru.
  6999 | D:5      | Noticed Sigmund
  7032 | D:5      | Killed Sigmund
  7032 | D:5      | Reached skill level 3 in Shields
  7184 | D:5      | Reached skill level 4 in Shields
  7534 | D:4      | HP: 32/64 [ogre/giant club (18)]
  7844 | D:4      | Found Ufabb's Gadget Shoppe.
  8044 | D:4      | Reached skill level 7 in Polearms
  8044 | D:4      | Reached XP level 9. HP: 46/71 MP: 11/11
  8964 | D:7      | Noticed Joseph
  8978 | D:7      | HP: 35/71 [Joseph/uncursed quarterstaff (1)]
  8984 | D:7      | HP: 20/71 [Joseph/sling bullet (8)]
  9387 | D:7      | HP: 30/71 [orc warrior/glaive (13)]
  9624 | D:7      | Killed Joseph
  9624 | D:7      | Reached skill level 7 in Fighting
  9943 | D:7      | Found a shimmering altar of Xom.
  9953 | D:7      | Reached skill level 8 in Polearms
 10459 | D:7      | Found a burning altar of Makhleb.
 10463 | D:7      | Found a glowing silver altar of Zin.
 10464 | D:7      | Noticed an angel
 10464 | D:7      | Noticed a green death
 10546 | D:7      | Found a white marble altar of Elyvilon.
 10546 | D:7      | Found a shadowy altar of Dithmenos.
 10698 | D:7      | Found a snail-covered altar of Cheibriados.
 10739 | D:8      | Found a shattered altar of Ashenzari.
 10916 | D:8      | Reached skill level 9 in Polearms
 10983 | D:8      | Reached skill level 8 in Fighting
 11010 | D:8      | HP: 35/74 [killer bee (7)]
 11030 | D:8      | Noticed a two-headed ogre
 11294 | D:7      | Reached ***** piety under Lugonu
 11296 | D:7      | HP: 35/74 [killer bee (4)]
 11300 | D:7      | Reached XP level 10. HP: 31/80 MP: 12/12
 11301 | D:7      | HP: 27/80 [killer bee (1)]
 12047 | D:4      | Bought a wand of digging (14) for 396 gold pieces
 12381 | D:9      | Noticed Psyche
 12394 | D:9      | Killed Psyche
 12500 | D:9      | Cast into level 1 of the Abyss (orc wizard)
 12568 | Abyss:1  | Noticed a green death
 12656 | Abyss:1  | Noticed a thrashing horror
 12658 | D:9      | Escaped the Abyss
 12735 | D:9      | Reached skill level 4 in Invocations
 12977 | D:9      | Found a staircase to the Lair.
 13237 | D:10     | Entered Level 10 of the Dungeon
 13249 | D:10     | HP: 41/82 [centaur/arrow (3)]
 13646 | D:10     | Noticed a two-headed ogre
 13653 | D:9      | HP: 34/82 [wyvern (11)]
 13663 | D:9      | HP: 22/82 [orc/falchion (1)]
 13944 | D:9      | Reached skill level 10 in Polearms
 14080 | D:10     | Noticed Maurice
 14083 | D:9      | HP: 41/82 [hippogriff (2)]
 14086 | D:9      | Reached skill level 9 in Fighting
 14328 | Lair:1   | Entered Level 1 of the Lair of Beasts
 14474 | Lair:1   | Noticed Harold
 14494 | Lair:1   | Banished Harold
 14494 | Lair:1   | Reached skill level 5 in Invocations
 14711 | Lair:1   | Noticed a black mamba
 14974 | Lair:1   | HP: 41/83 [porcupine's spines (13)]
 15241 | Lair:1   | HP: 41/83 [bullfrog (4)]
 15246 | Lair:1   | HP: 39/83 [blink frog (3)]
 15249 | Lair:1   | HP: 13/83 [blink frog (13)]
 15720 | Lair:1   | HP: 35/83 [blink frog (11)]
 15723 | Lair:1   | Reached XP level 11. HP: 37/89 MP: 14/14
 15728 | Lair:1   | HP: 25/89 [blink frog (14)]
 15733 | Lair:2   | HP: 6/89 [blink frog (12)]
 15740 | Lair:2   | Slain by a blink frog

Vanquished Creatures
  Psyche (D:9)
  Joseph (D:7)
  A komodo dragon (Lair:1)
  A blink frog (Lair:1)
  2 hippogriffs (D:9)
  Sigmund (D:5)
  A hungry ghost (D:10)
  A water moccasin (Lair:1)
  2 hell hounds (D:9)
  2 porcupines (Lair:1)
  2 orc warriors
  3 sky beasts
  A small abomination (Abyss:1)
  3 eyes of draining
  4 ice beasts
  A phantom (D:7)
  A black bear (D:7)
  A necrophage (D:10)
  4 centaurs
  4 ogres
  7 big kobolds
  3 bullfrogs
  A wyvern skeleton (D:10)
  3 scorpions
  A water moccasin skeleton (D:9)
  5 killer bees (D:7)
  3 howler monkeys
  5 crimson imps
  2 quasits
  7 orc wizards
  6 hounds
  A jelly (D:7)
  3 orc priests
  A bullfrog skeleton (D:6)
  Crazy Yiuf (D:2)
  Natasha (thrice) (D:1 D:2)
  4 iguanas
  10 worker ants
  15 adders
  2 gnolls
  2 shadow imps
  3 oozes
  An adder skeleton (D:9)
  5 worms
  A dart slug (D:4)
  6 leopard geckos
  25 orcs
  7 ball pythons
  11 bats
  9 giant cockroaches
  15 goblins
  16 hobgoblins
  13 jackals
  2 quokkas
  9 frilled lizards
  A jackal skeleton (D:8)
  23 kobolds
  A quokka skeleton (D:8)
  A quokka zombie (D:5)
  8 rats
279 creatures vanquished.

Vanquished Creatures (others)
  A wyvern (D:9)
1 creature vanquished.

Grand Total: 280 creatures vanquished

Table legend:
 A = Turns spent in this place as a percentage of turns spent in the entire game.
 B = Non-inter-level travel turns spent in this place as a percentage of non-inter-level travel turns spent in the entire game.
 C = Inter-level travel turns spent in this place as a percentage of turns spent in this place.
 D = Turns resting spent in this place as a percentage of non-inter-level travel turns spent in this place.
 E = Turns spent auto-exploring this place as a percentage of non-inter-level travel turns spent in this place.
 F = Non-inter-level travel turns spent in this place divided by the number of levels of this place that you've seen.
                   A       B       C       D       E      F
               +-------+-------+-------+-------+-------+----------------------
         Total | 100.0 | 100.0 |   6.3 |  44.7 |  31.9 | 983.7
       Dungeon |  87.0 |  86.1 |   7.2 |  43.6 |  32.9 | 1271.0
          Lair |   9.0 |   9.6 |   0.0 |  60.7 |  22.5 | 706.0
         Abyss |   1.3 |   1.4 |   0.0 |  25.1 |  44.3 | 101.5
         Sewer |   2.7 |   2.9 |   0.0 |  32.5 |  26.9 | 431.0
               +-------+-------+-------+-------+-------+----------------------
